 Dungeon Crawl Stone Soup version 0.30-a0-610-gb513c0a51f (webtiles) character file.

Game seed: 6180021110546853702

99 BaabKaare the Insei (level 5, 0/37 HPs)
             Began as a Human Transmuter on Jan 8, 2023.
             Was a Follower of Kikubaaqudgha.
             Killed by divine providence
             ... invoked by an orc priest
              (16 damage)
             ... on level 3 of the Dungeon.
             The game lasted 00:19:00 (2342 turns).

BaabKaare the Insei (Human Transmuter)              Turns: 2342, Time: 00:19:01

Health: 0/37       AC:  3    Str: 13    XL:     5   Next: 2%
Magic:  7/8        EV: 12    Int: 13    God:    Kikubaaqudgha [*.....]
Gold:   114        SH:  9    Dex: 13    Spells: 2/8 levels left

rFire   . . .      SeeInvis .    c - +0 trident
rCold   . . .      Faith    .    e - +0 buckler
rNeg    + . .      Spirit   .    n - +0 robe
rPois   .          Reflect  +    (helmet currently unavailable)
rElec   .          Harm     .    m - +0 cloak
rCorr   .          Rampage  .    (no gloves)
Will    .....                    (boots currently unavailable)
Stlth   +                        i - amulet of reflection
HPRegen 0.26/turn                q - ring of positive energy
MPRegen 0.11/turn                (no ring)

@: appendages (expiring)
A: horns 2, talons 2
a: End Transformation, Renounce Religion, Unearth Wretches


You were on level 3 of the Dungeon.
You worshipped Kikubaaqudgha.
Kikubaaqudgha was aware of your devotion.
You had temporarily grown beastly horns and talons.
You visited 1 branch of the dungeon, and saw 3 of its levels.

You collected 114 gold pieces.

Inventory:

Hand Weapons
 c - a +0 trident (weapon)
Armour
 e - a +0 buckler (worn)
 m - a +0 cloak (worn)
 n - a +0 robe (worn)
Jewellery
 i - an amulet of reflection (around neck)
 q - a ring of positive energy (left hand)
Wands
 o - a wand of roots (12)
Scrolls
 f - a scroll of enchant armour {unknown}
 j - 2 scrolls of blinking {unknown}
 l - 2 scrolls of identify {unknown}
 r - a scroll of amnesia {unknown}
 s - a scroll of brand weapon {unknown}
Potions
 a - a potion of brilliance {unknown}
 b - a potion of lignification
 d - a potion of curing
 g - a potion of heal wounds {unknown}
 h - a potion of magic {unknown}
 k - a potion of degeneration {unknown}
 p - a potion of cancellation {unknown}


   Skills:
 + Level 1.3 Fighting
 * Level 2.0 Polearms
 + Level 2.3 Dodging
 + Level 0.4 Stealth
 * Level 1.0 Shields
 + Level 3.4 Unarmed Combat
 + Level 2.4 Spellcasting
 + Level 2.4 Transmutations


You had 2 spell levels left.
You knew the following spells:

 Your Spells              Type           Power      Damage    Failure   Level
a - Beastly Appendage     Tmut           14%        N/A       12%         1
b - Wereblood             Tmut           7%         N/A       19%         2
c - Spider Form           Tmut/Pois      4%         N/A       52%         3

Your spell library contained the following spells:

 Spells                   Type           Power      Damage    Failure   Level
 Kiss of Death            Conj/Necr      4%         2d5       32%         1
 Necrotise                Necr           4%         1d4       32%         1
 Cigotuvi's Dreadful Rot  Necr/Pois/Air  2%         N/A       45%         2
 Call Canine Familiar     Summ           1%         N/A       69%         3
 Dazzling Flash           Conj/Hex       2%         N/A       69%         3
 Portal Projectile        Hex/Tloc       2%         N/A       69%         3
 Tukima's Dance           Hex            1%         N/A       69%         3
 Ice Form                 Ice/Tmut       4%         N/A       89%         4
 Animate Dead             Necr           1%         N/A       97%         4
 Iskenderun's Mystic Bla  Conj/Tloc      1%         2d3       97%         4
 Leda's Liquefaction      Hex/Erth       0%         N/A       97%         4
 Passage of Golubria      Tloc           1%         N/A       97%         4
 Yara's Violent Unravell  Hex/Tmut       2%         3d3       99%         5
 Starburst                Conj/Fire      0%         6d3       100%        6


Dungeon Overview and Level Annotations

Branches:
Dungeon (3/15)

Altars:
Kikubaaqudgha

Shops:
D:1 [***(   D:3 *


Innate Abilities, Weirdness & Mutations

You have temporarily grown beastly horns and talons.


Message History

The jackal is almost dead.
The jackal barely misses you. You block the jackal's attack.
The orc priest looks satisfied for a moment.
You hit the jackal.
You kill the jackal!
Kikubaaqudgha accepts your kill.
Your Polearms skill increases to level 2!
You have reached level 5!
You hit the orc but do no damage. You block the orc's attack.
You hit the orc but do no damage. Your headbutt misses the orc.
You block the orc's attack. The orc misses you.
You hit the orc but do no damage. You claw the orc, but do no damage.
Your transformation is almost over.
You block the orc's attack.
You closely miss the orc. Your kick misses the orc. You block the orc's attack.
You hit the orc. Your kick misses the orc. Your headbutt misses the orc.
The orc is heavily wounded.
The orc barely misses you.
The orc priest calls down the wrath of Beogh upon you.
Beogh smites you!
You closely miss the orc. Your kick misses the orc.
Your headbutt misses the orc.
The orc is moderately wounded.
The orc hits you with the +7 hand axe "Issiots" {freeze, Will+}!
The orc freezes you. The orc barely misses you.
You hit the orc but do no damage. Your kick misses the orc.
The orc is moderately wounded.
You block the orc's attack.
The orc priest calls upon Beogh to heal the orc.
The orc's wounds heal themselves!
You barely miss the orc. Your kick misses the orc. The orc barely misses you.
You puncture the orc!
You kill the orc!
Kikubaaqudgha accepts your kill. The jackal misses you.
You closely miss the jackal. The jackal bites you.
The orc priest invokes the aid of Beogh against you.
Beogh smites you!
You die...
Kikubaaqudgha rasps: "You have failed me!
Welcome... death!"

## ... ####
.... ...#
.....## ...#
.....)o######
...# #oh@...#
...# ####...#
.... #.###
.... ####.# #
####....#
#.....###
##.##..#
##..#...#
###..##.#.#


You could see an orc priest, an orc and a jackal.

Vanquished Creatures
  Jessica (D:2)
  2 adders (D:2)
  2 dart slugs (D:1)
  2 orcs (D:3)
  6 endoplasms
  A giant cockroach (D:2)
  5 goblins
  5 hobgoblins
  3 jackals (D:3)
  A quokka (D:2)
  3 ball pythons (D:1)
  A bat (D:2)
  A frilled lizard (D:1)
  6 kobolds
  5 rats
44 creatures vanquished.

Notes
Turn   | Place    | Note
-------+----------+-------------------------------------------
     0 | D:1      | BaabKaare the Human Transmuter began the quest for the Orb.
     0 | D:1      | Reached XP level 1. HP: 15/15 MP: 3/3
    38 | D:1      | Found Fugem's General Store.
    85 | D:1      | Reached XP level 2. HP: 11/21 MP: 3/5
   281 | D:2      | Noticed Jessica
   357 | D:1      | Found Kaseojoe's Antique Armour Shop.
   563 | D:1      | Found Nifa's Assorted Antiques.
   815 | D:1      | Reached XP level 3. HP: 19/26 MP: 6/6
  1064 | D:1      | Found Joze's Assorted Antiques.
  1066 | D:1      | Found Zushievexe's Weapon Shoppe.
  1292 | D:1      | Learned a level 2 spell: Wereblood
  1296 | D:1      | Learned a level 3 spell: Spider Form
  1412 | D:2      | Killed Jessica
  1413 | D:2      | Reached skill level 1 in Polearms
  1413 | D:2      | Reached XP level 4. HP: 27/32 MP: 5/7
  1487 | D:2      | Found a faded altar of an unknown god.
  1551 | D:2      | Prayed at the altar of an unknown god.
  1551 | D:2      | Became a worshipper of Kikubaaqudgha
  1551 | D:2      | Reached * piety under Kikubaaqudgha
  1551 | D:2      | Received a gift from Kikubaaqudgha
  1954 | D:2      | Reached skill level 1 in Shields
  2276 | D:3      | Found Caygul Ups's General Store.
  2318 | D:3      | Identified the +7 hand axe "Issiots" {freeze, Will+}
  2333 | D:3      | Reached XP level 5. HP: 37/37 MP: 6/8
  2342 | D:3      | Killed from afar by an orc priest

Illustrated notes

Levels and vault maps discovered:
D:1:      nicolae_arrival_memento_mori, layout_basic, serial_shops, shop,
          nicolae_shop_trees, nicolae_square_shop, shop, nicolae_diamond_shop,
          minmay_pentomino_v2
D:2:      layout_loops_ring, chequers_ecumenical_altar_simple, uniq_jessica
D:3:      layout_rooms, serial_shops, shop_fountains

Skill      XL: |  1  2  3  4 |
---------------+-------------+-----
Polearms       | 1 2 |  2.0
Shields        | 1 |  1.0
Fighting       | |  1.3
Dodging        | |  2.3
Stealth        | |  0.4
Unarmed Combat | |  3.4
Spellcasting   | |  2.4
Transmutations | |  2.4

Action                   |  1- 3 |  4- 6 || total
-------------------------+-------+-------++-------
Melee: Unarmed           |    20 |       ||    20
       Trident           |    62 |    81 ||   143
       Headbutt          |     6 |     2 ||     8
       Kick              |     4 |     8 ||    12
 Cast: Beastly Appendage |    10 |    14 ||    24
  Use: Potion            |       |     1 ||     1
Armor: Robe              |    11 |    19 ||    30
Dodge: Dodged            |    37 |    55 ||    92
Block: Buckler           |    10 |    28 ||    38

Table legend: (Time is in decaauts)
 A = Elapsed time spent in this place.
 B = Non-inter-level travel time spent in this place.
 C = Inter-level travel time spent in this place.
 D = Time resting spent in this place.
 E = Time spent auto-exploring this place.
 F = Levels seen in this place.
 G = Mean time per level.
                   A        B        C        D        E       F      G
               +--------+--------+--------+--------+--------+-----+--------+
         Total |   2385 |   2384 |      1 |    244 |    462 |   3 |  795.0 |
       Dungeon |   2385 |   2384 |      1 |    244 |    462 |   3 |  795.0 |
               +--------+--------+--------+--------+--------+-----+--------+

Top non-repeatable levels by time:
     D:1: 1399 daAuts
     D:2: 794 daAuts
     D:3: 191 daAuts
